 Dungeon Crawl Stone Soup version 0.27.1-1-g398f81649c (webtiles) character file.

Game seed: 394384795178835860

1925 speeev33 the Cleaver (level 9, -1/81 HPs)
             Began as a Hill Orc Fighter on Sept 13, 2021.
             Was an Initiate of Okawaru.
             Slain by a killer bee (4 damage)
             ... on level 5 of the Dungeon.
             The game lasted 00:07:46 (5240 turns).

speeev33 the Cleaver (Hill Orc Fighter)             Turns: 5240, Time: 00:07:47

Health: -1/81      AC: 14    Str: 22    XL:     9   Next: 17%
Magic:  9/9        EV:  6    Int:  8    God:    Okawaru [......]
Gold:   200        SH: 11    Dex: 10    Spells: 8/8 levels left

rFire    + . .     SeeInvis .   a - +1 war axe
rCold    . . .     Faith    .   c - +0 kite shield
rNeg     . . .     Spirit   .   k - +0 chain mail
rPois    .         Reflect  .   (no helmet)
rElec    .         Harm     .   (no cloak)
rCorr    .         Rampage  .   (no gloves)
Will     .....                  (no boots)
Stlth    ..........             (no amulet)
HPRegen  0.23/turn              r - ring of protection from fire
MPRegen  0.11/turn              d - +4 ring of protection

@: lethally poisoned (-1 -> -8)
A: no striking features
a: Renounce Religion


You were on level 5 of the Dungeon.
You worshipped Okawaru.
Okawaru was noncommittal.
You visited 2 branches of the dungeon, and saw 7 of its levels.

You collected 200 gold pieces.

Inventory:

Hand Weapons
 a - a +1 war axe (weapon)
 l - a +0 morningstar
Missiles
 t - 7 silver javelins (quivered)
Armour
 c - a +0 kite shield (worn)
 k - a +0 chain mail (worn)
Jewellery
 d - a +4 ring of protection (right hand)
 o - a +4 ring of evasion
 r - a ring of protection from fire (left hand)
 s - a ring of positive energy
Wands
 j - a wand of iceblast (17)
Scrolls
 b - 4 scrolls of teleportation
Potions
 e - a potion of flight
 g - a potion of magic
 i - a potion of resistance
 m - a potion of ambrosia
 n - a potion of attraction {unknown}
 p - a potion of haste {unknown}
 q - a potion of lignification {unknown}


   Skills:
 + Level 7.9 Fighting
 + Level 8.0 Axes
 + Level 7.2 Armour
 + Level 7.2 Shields


You had 8 spell levels left.
You didn't know any spells.
Your spell library was empty.

Dungeon Overview and Level Annotations

Branches:
Dungeon (6/15)             Temple (1/1) D:5

Altars:
Hepliaklqana
Kikubaaqudgha
Okawaru
Trog
Wu Jian
Xom
The Shining One

Shops:
D:1 [(**?   D:2 *


Message History

You block the killer bee's attack. The killer bee stings you.
* * * LOW HITPOINT WARNING * * *
You feel better. The killer bee stings you.
* * * LOW HITPOINT WARNING * * *
You are lethally poisoned!
The killer bee poisons you! You block the killer bee's attack.
You feel better. You block the killer bee's attack. x2
You hit the killer bee.
The killer bee is heavily wounded.
You block the killer bee's attack.
The killer bee stings you but does no damage.
Aiming: Iceblast
Press: ? - help, Shift-Dir - straight line, f - killer bee
Aim: a killer bee (heavily wounded)
Okay, then.
You block the killer bee's attack. The killer bee stings you.
* * * LOW HITPOINT WARNING * * *
You are poisoned.
The killer bee poisons you!
You feel sick. The killer bee closely misses you.
You feel sick. You block the killer bee's attack.
You feel sick.
There is a stone staircase leading up here.
You feel sick. You block the killer bee's attack.
The killer bee stings you but does no damage. x2
You block the killer bee's attack.
You climb upwards.
You feel sick.
You are no longer poisoned.
There is a stone staircase leading down here.
You barely miss the killer bee.
The killer bee is heavily wounded.
You closely miss the killer bee. You block the killer bee's attack.
The killer bee stings you.
* * * LOW HITPOINT WARNING * * *
You are lethally poisoned!
The killer bee poisons you! You block the killer bee's attack.
The killer bee stings you.
* * * LOW HITPOINT WARNING * * *
The killer bee stings you.
You die...

.## ##....# #....# .#
##.....# #....# .####......#
##....# ..##.......# #.....#
#..#...(...## #.....#
##..........# ##....#
#.........## #....#
#.........#############....#
##.............y@y..........#
#..........########[........#
###.......## #######...#
##..####### ##..# ....###
#..# ##....#### #.##
#.......### #.#
#.........#### #.#
##..###......### #.#


You could see 2 killer bees.

Vanquished Creatures
  Pikel (D:4)
  Sigmund (D:4)
  The ghost of Dyvine the Chiller, an amateur MfIE (D:4)
  3 ogres
  2 centaurs
  2 scorpions (D:5)
  2 killer bees (D:6)
  A howler monkey (D:5)
  2 hounds (D:4)
  An orc priest (D:4)
  A gnoll shaman (D:5)
  2 iguanas
  2 orc wizards
  A hound zombie (D:5)
  A howler monkey zombie (D:5)
  8 gnolls
  7 adders
  A shadow imp (D:5)
  An adder skeleton (D:4)
  2 worms (D:2)
  2 dart slugs
  15 orcs
  6 endoplasms
  4 giant cockroaches
  11 goblins
  5 hobgoblins
  4 jackals (D:4)
  7 quokkas
  4 ball pythons
  4 bats
  4 frilled lizards
  6 kobolds
  6 rats
120 creatures vanquished.

Notes
Turn   | Place    | Note
-------+----------+-------------------------------------------
     0 | D:1      | speeev33 the Hill Orc Fighter began the quest for the Orb.
     0 | D:1      | Reached XP level 1. HP: 19/19 MP: 1/1
     5 | D:1      | Found Ixepre's Assorted Antiques.
    18 | D:1      | Found a faded altar of an unknown god.
    83 | D:1      | Found Neninyha's Armour Shop.
   288 | D:1      | Found Nacvais's Antique Weapon Emporium.
   293 | D:1      | Reached skill level 3 in Axes
   293 | D:1      | Reached XP level 2. HP: 23/27 MP: 2/2
   623 | D:1      | Reached XP level 3. HP: 26/33 MP: 3/3
   724 | D:1      | Found Wuhur's General Store.
   794 | D:1      | Found Dievosk's Magic Scroll Shop.
  1310 | D:2      | Reached XP level 4. HP: 39/40 MP: 4/4
  1573 | D:2      | Found Doidder's Assorted Antiques.
  2092 | D:3      | Reached skill level 4 in Axes
  2092 | D:3      | Reached XP level 5. HP: 47/47 MP: 5/5
  2567 | D:4      | Noticed Sigmund
  2576 | D:4      | Killed Sigmund
  2577 | D:4      | Reached skill level 5 in Fighting
  2577 | D:4      | Reached XP level 6. HP: 50/56 MP: 6/6
  2587 | D:4      | Reached skill level 5 in Axes
  2752 | D:4      | Reached skill level 5 in Armour
  2752 | D:4      | Reached skill level 5 in Shields
  2924 | D:4      | Reached XP level 7. HP: 36/61 MP: 7/7
  3147 | D:4      | Found a runed translucent door.
  3147 | D:4      | Noticed Dyvine's ghost (amateur MfIE)
  3348 | D:4      | Noticed Pikel
  3364 | D:4      | Killed Pikel
  3365 | D:4      | Reached skill level 6 in Axes
  3365 | D:4      | Reached XP level 8. HP: 46/71 MP: 8/8
  3773 | D:4      | Killed Dyvine's ghost
  3996 | D:5      | Entered Level 5 of the Dungeon
  4080 | D:5      | Reached skill level 7 in Axes
  4472 | D:5      | Identified the +5 dagger of the Trees {flame, rF+}
  4526 | D:5      | Found a staircase to the Ecumenical Temple.
  4561 | Temple   | Entered the Ecumenical Temple
  4659 | Temple   | Became a worshipper of Warmaster Okawaru
  4723 | D:5      | Reached XP level 9. HP: 78/79 MP: 9/9
  5212 | D:6      | Reached skill level 8 in Axes
  5229 | D:6      | HP: 4/81 [killer bee (5)]
  5240 | D:5      | HP: 4/81 [killer bee (6)]
  5240 | D:5      | Slain by a killer bee

Illustrated notes

Levels and vault maps discovered:
D:1:      dpeg_arrival_tiny_b, layout_loops_ring, serial_shops,
          nicolae_shop_competitors_out_of_business, shop, shop,
          nicolae_lakefront_shop, shop_statue, basic_ecumenical_altar
D:2:      layout_loops_ring, serial_shops, shop
D:3:      layout_basic, hex_tiny, minmay_parallelograms, patterned_corridor
D:4:      layout_loops_ring, gammafunk_ghost_grave, uniq_sigmund, uniq_pikel
D:5:      layout_cave_pods, temple_statues, hex_medium
D:6:      layout_cave_pools, grunt_dithmenos_smoke_and_mirrors, serial_shops,
          nicolae_shop_waterfront, shop
Temple:   roderic_octagonal_lattice_temple

Skill      XL: |  1  2  3  4  5  6  7  8  9 |
---------------+----------------------------+-----
Axes           | 3 4 5 6 7 8 |  8.0
Fighting       | 4 5 6 7 |  7.9
Shields        | 4 5 6 7 |  7.2
Armour         | 4 5 6 7 |  7.2

Action                   |  1- 3 |  4- 6 |  7- 9 || total
-------------------------+-------+-------+-------++-------
Melee: War axe           |    89 |   125 |   176 ||   390
  Use: Scroll            |     2 |     6 |     4 ||    12
       Potion            |       |       |     4 ||     4
Armor: Scale mail        |    44 |    16 |       ||    60
       Chain mail        |       |    52 |    87 ||   139
Dodge: Dodged            |    33 |    38 |    64 ||   135
Block: Kite shield       |    50 |    75 |   123 ||   248
